 Dungeon Crawl Stone Soup version 0.32-a0-871-ge202e49faa (webtiles) character file.

Game seed: 16371226935853168457

27 Griffin23 the Slasher (level 2, -1/40 HPs)
             Began as a Minotaur Berserker on Mar 30, 2024.
             Was a Follower of Trog.
             Slain by a goblin
             ... wielding a +0 dagger
              (3 damage)
             ... on level 1 of the Dungeon.
             The game lasted 00:01:08 (875 turns).

Griffin23 the Slasher (Minotaur Berserker)           Turns: 875, Time: 00:01:09

Health: -1/40      AC:  2    Str: 21    XL:     2   Next: 93%
Magic:  1/1        EV: 10    Int:  4    God:    Trog [*.....]
Gold:   62         SH:  3    Dex:  9    Spells: 1/1 levels left

rFire   . . .        a - +0 falchion
rCold   . . .        f - +0 buckler
rNeg    . . .        b - +0 animal skin
rPois   .            (helmet restricted)
rElec   .            (no cloak)
rCorr   .            (no gloves)
SInv    .            (no boots)
Will    .....        (no amulet) Stlth
                     (no ring)
HPRegen 0.26/turn    (no ring)
MPRegen 0.07/turn

%: no passive effects
@: berserking, very quick
A: horns 2, retaliatory headbutt
a: Renounce Religion, Berserk


You were on level 1 of the Dungeon.
You worshipped Trog.
Trog was aware of your devotion.
You visited 1 branch of the dungeon, and saw 2 of its levels.

You collected 62 gold pieces.

Inventory:

Hand Weapons
 a - a +0 falchion (weapon)
Armour
 b - a +0 animal skin (worn)
 f - a +0 buckler (worn)
Jewellery
 h - a +4 ring of protection
Scrolls
 c - a scroll of amnesia {unknown}
 d - a scroll of revelation {unknown}
 e - a scroll of fear {unknown}
Potions
 g - a potion of enlightenment {unknown}


   Skills:
 + Level 4.0 Fighting
 * Level 4.1 Long Blades
 + Level 2.9 Armour
 - Level 2.3 Dodging
 + Level 0.7 Shields


You had one spell level left.
You didn't know any spells.
Your spell library was empty.

Dungeon Overview and Level Annotations

Branches:
Dungeon (2/15)

Altars:


Innate Abilities, Weirdness & Mutations

You have a pair of horns on your head.
You reflexively headbutt those who attack you in melee.


Message History

Unknown command.
Unknown command.
You escape the ball python's grasp.
The jackal closely misses you. The goblin hits you with a +0 dagger.
The jackal bites you.
You climb upwards.
There is a stone staircase leading down here.
Unknown command.
You are too injured to fight recklessly!
You are too injured to fight recklessly!
You are too injured to fight recklessly!
You are too injured to fight recklessly!
You barely miss the ball python. You block the ball python's attack.
The ball python closely misses you. The jackal bites you.
The goblin hits you with a +0 dagger.
You hit the ball python.
The ball python is heavily wounded.
The jackal closely misses you. The ball python barely misses you. x2
The goblin closely misses you. The jackal bites you.
* * * LOW HITPOINT WARNING * * *
The ball python barely misses you. The goblin hits you with a +0 dagger.
* * * LOW HITPOINT WARNING * * *
You hit the jackal.
The jackal is almost dead.
The jackal bites you.
* * * LOW HITPOINT WARNING * * *
The ball python misses you. You furiously retaliate!
You headbutt the ball python!
You kill the ball python!
Trog accepts your kill. The goblin hits you with a +0 dagger.
* * * LOW HITPOINT WARNING * * *
The jackal bites you but does no damage.
You miss the jackal.
The jackal is severely wounded.
The jackal barely misses you. You block the goblin's attack.
Okay, then.
A red film seems to cover your vision as you go berserk!
You feel yourself moving faster!
You feel mighty! The jackal completely misses you.
The goblin hits you with a +0 dagger.
You die...

#..............# ####.######
#.
####...........####.........#
#. #
#...........#........###.####.
#
#...........#÷###..........###
# #.).........#.# #..#.###.#.#
# ##..........#.# #..........#
# #............# #..#.###.#.#
#####..........g†#
#..#.#?#.#.#
#......)......wh@#
#..#.###.#.##
#.###..........###
##.........†## #.#
############ ##..#.###.#...#
#.# #.............. #.#
#............## ..#
#..........#.# ###
##.........#.# #.........#.#
#......)..#.#


You could see a ribbon worm, a jackal and a goblin.

Vanquished Creatures
  2 dart slugs (D:1)
  An endoplasm (D:1)
  A giant cockroach (D:1)
  3 goblins
  A jackal (D:2)
  4 kobolds (D:1)
  A quokka (D:1)
  4 ball pythons (D:1)
  2 bats (D:1)
  2 frilled lizards (D:1)
  A rat (D:1)
22 creatures vanquished.

Notes
Turn   | Place    | Note
-------+----------+-------------------------------------------
     0 | D:1      | Griffin23 the Minotaur Berserker began the quest for the
                  | Orb.
     0 | D:1      | Reached XP level 1. HP: 19/19 MP: 0/0
   471 | D:1      | Reached XP level 2. HP: 27/27 MP: 1/1
   873 | D:1      | HP: 1/27 [goblin/+0 dagger (2)]
   875 | D:1      | Slain by a goblin

Illustrated notes

Levels and vault maps discovered:
D:1:      lightli_arrival_windingriver, layout_basic, minmay_surrounded
D:2:      layout_basic, serial_shops, nicolae_book_shop_shelving,
          ebering_dispersal_statue_hall

Skill      XL: |  1  2 |
---------------+-------+-----
Long Blades    | 4 |  4.1
Fighting       | 4 |  4.0
Armour         | |  2.9
Dodging        | |  2.3
Shields        | |  0.7

Action                     || total
---------------------------++-------
  Melee: Falchion          ||    42
         Headbutt          ||     5
 Invoke: Berserk           ||     1
 Armour: Animal skin       ||    40
  Dodge: Dodged            ||    35
  Block: Buckler           ||     9

Table legend: (Time is in decaauts)
 A = Elapsed time spent in this place.
 B = Non-inter-level travel time spent in this place.
 C = Inter-level travel time spent in this place.
 D = Time resting spent in this place.
 E = Time spent auto-exploring this place.
 F = Levels seen in this place.
 G = Mean time per level.
                   A        B        C        D        E       F      G
               +--------+--------+--------+--------+--------+-----+--------+
         Total |    882 |    824 |     58 |      0 |    640 |   2 |  441.0 |
       Dungeon |    882 |    824 |     58 |      0 |    640 |   2 |  441.0 |
               +--------+--------+--------+--------+--------+-----+--------+

Top non-repeatable levels by time:
     D:1: 872 daAuts
     D:2: 10 daAuts
